Map: Vaani Research Station (Void)

Players

StuArt - Winner!

  • Race: Zerg Zerg
  • League: Diamond
  • Spawn Location: 6:00

Musumeci

  • Race: Zerg Zerg
  • League: Diamond
  • Spawn Location: 12:00

VOD

Have the link to the VOD?

Description

Time

  • Played on: Jan. 9, 2017, 1:55 p.m.
  • Length: 21:46
Show
View Real Time Build Order
Export as new Build Order

StuArt Zerg - Winner!

Build Orders: Pool First 

Get SALT Encoding   

  12  0:02  Drone  
  13  0:08  Drone  
  14  0:26  Spawning Pool  
  13  0:30  Drone  
  14  0:41  Drone x2, Extractor x2  
  14  0:48  Overlord  
  16  0:55  Extractor  
  15  1:12  Zergling x4  
  15  1:15  Zergling x2  
  15  1:16  Extractor  
  17  1:20  Queen  
  17  1:25  Zergling x2  
  20  1:37  Zergling x2  
  21  1:46  Zergling x2  
  22  1:49  Metabolic Boost  
  22  2:16  Hatchery  
  18  2:35  Drone, Zergling x6  
  21  2:51  Zergling x2, Baneling Nest  
  19  3:13  Zergling x2  
  19  3:14  Zergling x2  
  19  3:30  Drone x3  
  19  3:32  Drone  
  22  3:39  Drone  
  23  3:41  Lair  
  23  3:48  Drone  
  24  3:58  Baneling  
  24  4:08  Spine Crawler, Zergling x2  
  24  4:12  Spine Crawler  
  22  4:20  Drone x4  
  26  4:26  Baneling x2  
  26  4:27  Baneling  
  26  4:31  Drone  
  23  4:49  Zergling x6  
  25  4:57  Drone, Zergling x4  
  26  5:02  Zergling x2  
  25  5:15  Zergling x2  
  22  5:38  Drone x2  
  22  5:39  Drone  
  24  5:52  Baneling x2  
  24  5:54  Drone x3  
  27  5:57  Overlord  
  27  5:58  Overlord  
  27  6:17  Baneling  
  27  6:29  Drone, Zergling x8  
  30  6:33  Drone, Spire  
  30  6:34  Drone  
  30  6:37  Drone  
  32  6:44  Baneling, Zergling x2  
  33  6:54  Drone x4  
  35  6:57  Drone  
  38  7:07  Drone  
  39  7:14  Baneling  
  39  7:15  Drone  
  40  7:23  Drone x2  
  40  7:24  Drone x2  
  40  7:26  Overlord  
  44  7:30  Extractor x2  
  42  7:38  Overlord  
  42  7:47  Mutalisk x3  
  42  7:48  Mutalisk  
  50  7:59  Drone x4  
  54  8:11  Mutalisk x2  
  55  8:38  Mutalisk x2  
  55  8:40  Drone  
  60  8:47  Overlord x2  
  60  8:52  Overlord  
  60  9:05  Queen  
  54  9:32  Zergling x2  
  54  9:33  Zergling x6  
  57  9:45  Drone x2  
  57  9:50  Queen, Drone  
  61  10:01  Mutalisk x3  
  61  10:05  Zerg Flyer Weapons Level 1, Evolution Chamber  
  62  10:16  Hatchery  
  62  10:18  Baneling x3  
  62  10:19  Baneling x7  
  62  10:20  Baneling x4  
  61  10:22  Drone  
  62  10:29  Zergling x6  
  60  10:56  Zergling x12  
  63  11:02  Drone, Zergling x2  
  63  11:03  Zergling x2  
  66  11:17  Zerg Melee Weapons Level 1  
  66  11:18  Queen, Drone  
  69  11:20  Drone x2  
  69  11:25  Baneling x3  
  71  11:26  Baneling x3  
  71  11:30  Queen, Drone x3  
  76  11:40  Drone  
  76  11:44  Drone  
  76  11:45  Drone x3  
  76  11:46  Drone  
  77  12:34  Mutalisk x2  
  77  12:35  Mutalisk  
  73  12:40  Mutalisk, Drone  
  73  12:41  Drone x7  
  73  12:42  Drone x2  
  85  12:50  Zergling x12  
  87  13:02  Extractor  
  87  13:03  Extractor  
  85  13:10  Drone x5  
  90  13:22  Hatchery  
  90  13:23  Hatchery, Drone, Zergling x2  
  90  13:31  Overlord x4  
  90  13:41  Centrifical Hooks  
  90  13:43  Overlord x2  
  90  13:48  Queen  
  90  13:54  Zergling x6  
  95  14:01  Baneling x2  
  95  14:03  Zergling x14  
  102  14:11  Zergling x2  
  102  14:12  Zergling x4  
  102  14:13  Baneling x2  
  105  14:24  Zergling x2  
  105  14:25  Zergling x4  
  105  14:29  Zergling x6  
  95  14:40  Zergling x4  
  95  14:41  Zergling x8  
  101  14:50  Queen, Extractor  
  101  14:51  Extractor  
  101  14:52  Spine Crawler  
  101  14:53  Zergling x4  
  101  14:54  Zergling x10  
  102  15:09  Baneling x2  
  102  15:12  Drone, Zergling x6  
  99  15:22  Zergling x6  
  99  15:23  Zergling x2  
  99  15:27  Drone x2  
  105  15:30  Zergling x8  
  108  15:37  Infestation Pit  
  108  15:42  Drone x2  
  91  15:51  Drone x2  
  91  15:54  Baneling x2  
  93  16:01  Baneling x4  
  93  16:02  Baneling, Zergling x2  
  93  16:03  Zergling x6  
  92  16:13  Drone, Zergling x2  
  92  16:14  Zergling x8  
  96  16:22  Zergling x8  
  96  16:25  Drone, Zergling x4  
  103  16:33  Queen  
  103  16:34  Zergling x2  
  103  16:38  Mutalisk x2  
  108  16:41  Baneling  
  108  16:42  Baneling  
  108  16:43  Baneling x2  
  108  16:44  Zergling x2  
  109  16:47  Zerg Flyer Weapons Level 2  
  109  16:48  Spine Crawler  
  109  16:51  Spine Crawler  
  99  17:04  Zergling x2  
  99  17:05  Zergling x6  
  95  17:10  Zergling x8  
  99  17:20  Zergling x2  
  99  17:21  Zergling x4  
  102  17:27  Zergling x4  
  102  17:28  Zergling x2  
  104  17:35  Zerg Melee Weapons Level 2  
  104  17:36  Zergling x6  
  106  17:40  Drone x3  
  106  17:43  Drone  
  104  18:03  Zergling x2  
  93  18:09  Zergling x4  
  93  18:10  Zergling x6  
  86  18:19  Zergling x6  
  87  18:20  Mutalisk x2, Zergling x2  
  87  18:21  Mutalisk x3  
  87  18:24  Baneling x2  
  87  18:26  Baneling x2  
  97  18:27  Zergling x2  
  97  18:28  Zergling x6  
  97  18:31  Baneling  
  97  18:32  Baneling  
  97  18:33  Zergling x6  
  104  18:35  Zergling x2  
  104  18:36  Zergling x6  
  108  18:46  Hatchery  
  107  18:48  Drone, Zergling x4  
  110  19:03  Zerg Flyer Armor Level 1  
  110  19:05  Baneling  
  110  19:06  Drone, Zergling x4  
  110  19:07  Baneling x2  
  113  19:13  Zergling x2  
  113  19:14  Zergling x6  
  117  19:19  Zergling x8  
  117  19:20  Zergling x2  
  117  19:22  Baneling  
  117  19:23  Baneling x7  
  117  19:24  Baneling x7  
  122  19:25  Baneling x5  
  122  19:26  Baneling x5  
  122  19:27  Zergling x8  
  122  19:28  Zergling x4  
  122  19:30  Baneling x3  
  122  19:31  Baneling x7  
  128  19:32  Baneling x5  
  128  19:42  Zergling x12, Extractor  
  128  19:44  Extractor  
  132  19:56  Hatchery  
  95  20:18  Mutalisk x7  
  95  20:19  Mutalisk x2  
  112  20:29  Spore Crawler  
  112  20:32  Queen  
  112  20:33  Spore Crawler x2  
  112  20:34  Spore Crawler  
  108  20:37  Spore Crawler  
  108  20:39  Spore Crawler  
  108  20:40  Spore Crawler  
  108  20:41  Spore Crawler  
  93  20:42  Spore Crawler  
  93  20:44  Spore Crawler  
  82  20:52  Spore Crawler  
  82  20:53  Queen, Drone x2  
  77  20:58  Hydralisk Den  
  77  21:00  Spore Crawler  
  77  21:01  Drone x4  
  77  21:02  Drone x2  
  77  21:03  Spore Crawler  
  76  21:21  Zergling x14  
  76  21:22  Zergling x4  
Show
View Real Time Build Order
Export as new Build Order

Musumeci Zerg 

Build Orders: Pool First, Zergling Baneling 

Get SALT Encoding   

  12  0:01  Drone  
  13  0:08  Drone  
  13  0:13  Extractor  
  13  0:15  Drone  
  15  0:32  Extractor  
  14  0:36  Spawning Pool  
  14  0:38  Drone  
  14  0:41  Extractor  
  13  0:45  Drone  
  15  1:10  Evolution Chamber  
  14  1:21  Hatchery  
  13  1:32  Metabolic Boost  
  13  1:39  Overlord  
  13  1:45  Zergling x2  
  14  1:58  Zergling x2  
  16  2:01  Zergling x2  
  16  2:08  Zergling x2  
  16  2:12  Zergling x2  
  18  2:20  Queen  
  20  2:28  Zergling x2  
  18  2:34  Zergling x4  
  19  2:45  Baneling Nest  
  19  2:49  Zergling x2  
  19  2:55  Zergling x2  
  20  3:08  Overlord  
  20  3:25  Zergling x6  
  19  3:41  Zergling x4  
  21  3:43  Baneling x2, Zergling x2  
  21  3:44  Zergling x4  
  22  3:57  Zergling x2  
  22  3:58  Zergling x4  
  22  4:02  Drone  
  26  4:18  Baneling  
  26  4:19  Baneling, Overlord  
  26  4:23  Zergling x2  
  27  4:25  Baneling x2  
  27  4:27  Baneling  
  27  4:29  Baneling  
  21  4:53  Zergling x2  
  21  4:54  Zergling x8  
  21  4:58  Baneling x2  
  23  5:18  Baneling  
  23  5:20  Zergling x6  
  23  5:21  Zergling x4  
  26  5:30  Zergling x2  
  27  5:38  Drone  
  27  5:39  Drone  
  27  5:53  Drone x3  
  27  5:54  Evolution Chamber  
  29  6:09  Drone  
  29  6:10  Drone x3  
  29  6:11  Extractor  
  31  6:36  Drone, Zerg Ground Armor Level 1  
  31  6:37  Drone x3  
  35  6:45  Overlord  
  34  7:00  Drone  
  35  7:03  Queen  
  35  7:04  Drone x2  
  39  7:21  Drone x5  
  44  7:36  Lair  
  44  7:41  Baneling x4  
  44  7:51  Overlord x3  
  44  7:52  Extractor x2  
  40  8:23  Zergling x28  
  50  8:31  Spore Crawler  
  47  8:38  Spore Crawler x2  
  46  8:41  Drone x2, Spore Crawler  
  46  8:58  Spore Crawler  
  46  9:01  Spore Crawler  
  46  9:02  Spore Crawler  
  43  9:03  Drone  
  43  9:04  Drone x2  
  39  9:34  Drone  
  39  9:35  Drone x7  
  40  10:01  Drone x3  
  43  10:08  Drone x2  
  43  10:11  Zergling x2  
  43  10:12  Zergling x2  
  47  10:18  Zergling x2  
  47  10:19  Zergling x4  
  50  10:30  Baneling  
  50  10:31  Baneling  
  50  10:33  Zerg Melee Weapons Level 1  
  50  10:35  Zergling x2  
  38  11:00  Drone x4  
  38  11:02  Baneling  
  38  11:03  Baneling, Zergling x8  
  46  11:12  Hatchery  
  46  11:17  Spore Crawler  
  44  11:22  Zergling x12, Spore Crawler  
  49  11:33  Drone x2  
  49  11:35  Zergling x2  
  52  11:55  Baneling x3  
  42  12:29  Spawning Pool  
  33  13:17  Zergling x2  
  33  13:18  Zergling x30  
  49  13:20  Zergling x16  
  56  13:29  Zergling x2  
  56  13:33  Overlord  
  57  13:34  Overlord  
  57  13:35  Overlord x2  
  57  13:37  Baneling x2  
  57  13:38  Baneling x2  
  57  13:50  Zerg Melee Weapons Level 2  
  57  13:51  Queen x2  
  60  14:18  Zergling x12  
  60  14:19  Zergling x6  
  48  14:46  Zergling x14  
  48  14:52  Baneling x2  
  45  15:24  Zergling x28  
  58  15:42  Baneling x2  
  56  15:43  Baneling  
  56  15:46  Zergling x12  
  55  16:04  Baneling x2  
  55  16:08  Zergling x16  
  51  16:24  Zergling x4  
  51  16:25  Zergling x6  
  53  16:41  Zergling x6  
  53  16:42  Zergling x4  
  58  16:52  Spore Crawler x2  
  58  16:53  Spore Crawler  
  50  16:57  Hatchery  
  50  16:58  Extractor  
  50  16:59  Extractor  
  31  17:43  Zergling x18  
  40  17:49  Spire  
  39  17:56  Zergling x6  
  41  18:10  Drone  
  41  18:11  Drone x6  
  37  18:23  Spore Crawler  
  37  18:25  Spore Crawler  
  37  18:26  Zergling x16  
  43  18:35  Drone x2  
  43  18:38  Baneling x2  
  43  18:39  Zergling x2  
  46  18:51  Drone x2, Extractor  
  45  19:05  Mutalisk x7  
  58  19:22  Mutalisk x4  
  58  19:23  Mutalisk  
  68  19:45  Mutalisk  
  49  20:16  Mutalisk x3  
  25  21:16  Drone x2  
  25  21:31  Extractor  
Tags
 
Add a new tag
Caveats
  • Supply blocks, unpowered buildings, or Contaminate may cause inaccurate times.
  • Supply counts are checked every 10 seconds.